 Dungeon Crawl Stone Soup version 0.28-a0-863-g8cecda6153 (webtiles) character file.

Game seed: 3888438179503380634

665 patchburns1 the Covered (level 7, -5/61 HPs)
             Began as a Minotaur Fighter on Nov 20, 2021.
             Was an Initiate of Makhleb.
             Slain by a troll (14 damage)
             ... on level 5 of the Dungeon.
             The game lasted 00:14:00 (4494 turns).

patchburns1 the Covered (Minotaur Fighter)          Turns: 4494, Time: 00:14:01

Health: -5/61      AC: 10    Str: 20    XL:     7   Next: 31%
Magic:  7/7        EV: 10    Int:  7    God:    Makhleb [......]
Gold:   158        SH:  5    Dex: 10    Spells: 6/6 levels left

rFire   . . .      SeeInvis .   a - +0 trident
rCold   . . .      Faith    .   c - +0 buckler
rNeg    . . .      Spirit   .   b - +0 scale mail
rPois   .          Reflect  .   (helmet restricted)
rElec   .          Harm     .   q - +0 cloak
rCorr   .          Rampage  .   D - +0 pair of gloves
Will    .....                   (no boots)
Stlth   ..........              (no amulet)
HPRegen 0.20/turn               (no ring)
MPRegen 0.10/turn               (no ring)

@: no status effects
A: horns 2, retaliatory headbutt
a: Renounce Religion


You were on level 5 of the Dungeon.
You worshipped Makhleb.
Makhleb was noncommittal.
You visited 1 branch of the dungeon, and saw 5 of its levels.

You collected 158 gold pieces.

Inventory:

Hand Weapons
 a - a +0 trident (weapon)
 e - a +0 spear
 l - a +0 halberd
 n - a +0 hunting sling
 r - a +4 quarterstaff of chaos
 v - a +0 whip of draining
Missiles
 h - 168 stones
 j - 22 arrows
 m - 29 sling bullets
 o - 2 javelins
 w - a boomerang
 z - 12 poisoned darts (quivered)
Armour
 b - a +0 scale mail (worn)
 c - a +0 buckler (worn)
 q - a +0 cloak (worn)
 D - a +0 pair of gloves (worn)
Wands
 p - a wand of polymorph (7)
Scrolls
 f - 2 scrolls of magic mapping {unknown}
 k - 6 scrolls of identify {unknown}
 s - 2 scrolls of teleportation {unknown}
 y - 2 scrolls of noise {unknown}
 B - a scroll of silence {unknown}
 C - a scroll of fear {unknown}
Potions
 d - a potion of might
 g - 5 potions of curing {unknown}
 i - a potion of heal wounds {unknown}
 t - a potion of ambrosia {unknown}
 u - a potion of cancellation {unknown}
 x - a potion of resistance {unknown}
 A - a potion of flight {unknown}
 E - a potion of invisibility {unknown}


   Skills:
 * Level 5.5 Fighting
 * Level 4.8 Polearms
 + Level 1.4 Throwing
 * Level 5.5 Armour
 + Level 2.1 Dodging
 * Level 5.4 Shields
 * Level 1.6 Invocations
 + Level 1.2 Evocations


You had 6 spell levels left.
You didn't know any spells.
Your spell library contained the following spells:

 Spells                   Type           Power      Damage    Failure   Level
 Stone Arrow              Conj/Erth      0%         3d7       98%         3
 Animate Armour           Summ/Erth      0%         N/A       100%        4
 Lehudib's Crystal Spear  Conj/Erth      0%         10d2      100%        8


Dungeon Overview and Level Annotations

Branches:
Dungeon (5/15)             Temple (0/1) D:4

Altars:
Makhleb

Shops:
D:3 :


Innate Abilities, Weirdness & Mutations

You have a pair of horns on your head.
You reflexively headbutt those who attack you in melee.


Message History

You hit the troll. You headbutt the troll.
The troll is heavily wounded.
The troll bites you. The troll claws you but does no damage.
The troll closely misses you.
You barely miss the troll.
The troll is heavily wounded.
The troll bites you. The troll claws you! The troll barely misses you.
You block the troll's attack. The troll closely misses you.
The troll claws you.
You barely miss the troll. Your headbutt misses the troll.
The troll is heavily wounded.
The troll closely misses you. You furiously retaliate!
You headbutt the troll. You block the troll's attack.
The troll barely misses you.
You hit the troll but do no damage.
The troll is heavily wounded.
The troll barely misses you. The troll claws you but does no damage.
The troll claws you.
You hit the troll.
The troll is heavily wounded.
The troll bites you. The troll barely misses you.
The troll claws you but does no damage.
You hit the troll but do no damage.
The troll is heavily wounded.
The troll bites you! The troll closely misses you. The troll claws you!
* * * LOW HITPOINT WARNING * * *
Throw: 13 darts (poison)
Press: ? - help, Q - select action, (/) - cycle Shift-Dir - straight line, f/p - troll
Aim: a troll (heavily wounded, 57% to hit)
You throw a poisoned dart. The poisoned dart hits the troll.
The troll is poisoned.
The troll is heavily wounded.
You barely miss the troll.
The troll is heavily wounded.
The troll bites you but does no damage. The troll closely misses you.
The troll claws you.
* * * LOW HITPOINT WARNING * * *
You closely miss the troll.
The troll is moderately wounded.
The troll looks more healthy.
The troll bites you!
You die...

..... ####....#
#...## #.......#
###...###.#######
.......##.#
#......#
####..##########
#......$.......#
#..........$...#
####....(....T@#
[.....#########
.<......#
.###....# #....#
#....# #.####


You could see a troll.

Vanquished Creatures
  Prince Ribbit (D:4)
  A scorpion (D:4)
  A centaur zombie (D:5)
  A hound (D:4)
  Crazy Yiuf (D:2)
  A bullfrog skeleton (D:4)
  A centaur skeleton (D:4)
  2 orc wizards (D:3)
  7 adders
  6 gnolls
  A howler monkey skeleton (D:5)
  A worm (D:3)
  A dart slug (D:1)
  5 orcs
  5 bats
  8 endoplasms
  5 giant cockroaches
  10 goblins
  8 hobgoblins
  2 jackals (D:3)
  4 quokkas
  5 ball pythons
  5 frilled lizards (D:1)
  A kobold (D:1)
  A rat (D:1)
84 creatures vanquished.

Notes
Turn   | Place    | Note
-------+----------+-------------------------------------------
     0 | D:1      | patchburns1 the Minotaur Fighter began the quest for the
                  | Orb.
     0 | D:1      | Reached XP level 1. HP: 19/19 MP: 0/0
   121 | D:1      | Reached XP level 2. HP: 27/27 MP: 1/1
   597 | D:1      | Reached XP level 3. HP: 33/33 MP: 2/2
  1151 | D:2      | Found a faded altar of an unknown god.
  1369 | D:2      | Reached skill level 1 in Dodging
  1372 | D:2      | Reached XP level 4. HP: 38/40 MP: 3/3
  1829 | D:2      | Found a runed translucent door.
  1830 | D:2      | Noticed Crazy Yiuf
  1836 | D:2      | Killed Crazy Yiuf
  2171 | D:3      | Reached XP level 5. HP: 47/47 MP: 4/4
  2305 | D:3      | Found a burning altar of Makhleb.
  2332 | D:3      | HP: 2/47 [something/magic dart (9)]
  2346 | D:3      | Became a worshipper of Makhleb the Destroyer
  2851 | D:3      | Found Jurghiq's Book Boutique.
  3163 | D:4      | Found a staircase to the Ecumenical Temple.
  3252 | D:4      | Reached XP level 6. HP: 45/55 MP: 5/5
  3254 | D:4      | Reached skill level 5 in Fighting
  3379 | D:4      | Reached skill level 5 in Armour
  3379 | D:4      | Reached skill level 5 in Shields
  3454 | D:4      | Reached skill level 1 in Throwing
  3771 | D:5      | Entered Level 5 of the Dungeon
  3788 | D:5      | Noticed Prince Ribbit
  4297 | D:4      | Killed Prince Ribbit
  4298 | D:4      | Reached skill level 1 in Invocations
  4298 | D:4      | Reached skill level 1 in Evocations
  4298 | D:4      | Reached XP level 7. HP: 38/61 MP: 5/7
  4473 | D:5      | Noticed a troll
  4494 | D:5      | Slain by a troll

Illustrated notes

Levels and vault maps discovered:
D:1:      onia_arrival_mini_maze_b, layout_basic
D:2:      layout_basic, basic_ecumenical_altar, minmay_misc_feat_four_crosses,
          uniq_crazy_yiuf_cottage
D:3:      layout_basic, mainiacjoe_overflow_cross_hatched, serial_shops, shop
D:4:      layout_loops_cross, temple_pool_b
D:5:      layout_basic, hangedman_abyss_or_decor_stagger, uniq_prince_ribbit1

Skill      XL: |  1  2  3  4  5  6 |
---------------+-------------------+-----
Fighting       | 4 5 |  5.5
Armour         | 4 5 |  5.5
Shields        | 4 5 |  5.4
Polearms       | 3 4 |  4.8
Dodging        | 1 2 |  2.1
Throwing       | 1 |  1.4
Invocations    | 1 |  1.6
Evocations     | 1 |  1.2

Action                   |  1- 3 |  4- 6 |  7- 9 || total
-------------------------+-------+-------+-------++-------
Melee: Trident           |    66 |   149 |    18 ||   233
       Headbutt          |     2 |    18 |     4 ||    24
Throw: Dart              |       |    11 |     1 ||    12
Armor: Scale mail        |    19 |    57 |     6 ||    82
Dodge: Dodged            |    23 |    62 |    14 ||    99
Block: Buckler           |     9 |    31 |     4 ||    44

Table legend: (Time is in decaauts)
 A = Elapsed time spent in this place.
 B = Non-inter-level travel time spent in this place.
 C = Inter-level travel time spent in this place.
 D = Time resting spent in this place.
 E = Time spent auto-exploring this place.
 F = Levels seen in this place.
 G = Mean time per level.
                   A        B        C        D        E       F      G
               +--------+--------+--------+--------+--------+-----+--------+
         Total |   4523 |   4523 |      0 |    832 |   2421 |   5 |  904.6 |
       Dungeon |   4523 |   4523 |      0 |    832 |   2421 |   5 |  904.6 |
               +--------+--------+--------+--------+--------+-----+--------+

Top non-repeatable levels by time:
     D:3: 1161 daAuts
     D:4: 1160 daAuts
     D:1: 1158 daAuts
     D:2: 965 daAuts
     D:5: 77 daAuts
